[Event "ICCopen2017"]
[Site "Internet Chess Club"]
[Date "2017.03.26"]
[Round "10"]
[White "arnav311004"]
[Black "GnowReopard"]
[Result "1-0"]
[ICCResult "Black resigns"]
[WhiteElo "1813"]
[BlackElo "2565"]
[Opening "Réti: King's Indian attack"]
[ECO "A05"]
[NIC "QP.11"]
[Time "20:53:47"]
[TimeControl "180+0"]

1. Nf3 Nf6 2. g3 g6 3. Bg2 Bg7 4. O-O d5 5. c4 dxc4 6. Qa4+ Nfd7 7. Qxc4 Nc6
8. a3 O-O 9. Qc2 Nb6 10. Nc3 Bg4 11. Qd1 Qd7 12. d3 Bh3 13. Be3 Bxg2 14.
Kxg2 Nd5 15. Nxd5 Qxd5 16. Qc2 a5 17. Kg1 Rfc8 18. Rab1 a4 19. b3 axb3 20.
Rxb3 b6 21. Rc1 Na5 22. Rbb1 Nb7 23. Qc6 Qxc6 24. Rxc6 Nd8 25. Rc4 Rxa3 26.
Rxb6 Ne6 27. Rbc6 Ra2 28. Kf1 Rb8 29. Ng5 Rb1+ 30. Kg2 Nxg5 31. Bxg5 Rxe2
32. Rxc7 h6 33. Rxe7 Ra2 34. Be3 Rb8 35. Rcc7 Rf8 36. Red7 Be5 37. Rb7 Rb2
38. Rxb2 Bxb2 39. Bxh6 Rc8 40. Bg5 Kg7 41. Be3 Kg8 42. d4 Kf8 43. Rb7 Rd8
44. Rxb2 {Black resigns} 1-0

[Event "ICCopen2017"]
[Site "Internet Chess Club"]
[Date "2017.03.26"]
[Round "10"]
[White "DropZone"]
[Black "herbyeddy"]
[Result "1-0"]
[ICCResult "Black forfeits on time"]
[WhiteElo "2106"]
[BlackElo "1588"]
[Opening "Queen's pawn game"]
[ECO "D02"]
[NIC "QP.08"]
[Time "20:52:59"]
[TimeControl "180+0"]

1. d4 d5 2. Nf3 c6 3. Bf4 Nf6 4. e3 e6 5. c4 Bd6 6. Bg3 Bxg3 7. hxg3 Nbd7 8.
Nc3 h6 9. Bd3 a6 10. O-O b5 11. cxd5 cxd5 12. Rc1 Bb7 13. a4 b4 14. Na2 a5
15. Bb5 O-O 16. Qe2 Qe7 17. Rc7 Rab8 18. Ne5 Rfd8 19. Rfc1 Qd6 20. f4 Rdc8
21. Rxd7 Rxc1+ 22. Nxc1 Nxd7 23. Nxd7 Rd8 24. Nc5 Ba8 25. N1d3 f6 26. Kh2
Rf8 27. Qg4 Bc6 28. Nxe6 Bxb5 29. Nxf8 Qxf8 30. Qe6+ Kh7 31. axb5 Qd8 32.
Nc5 g5 33. Qf5+ Kg7 34. Qd7+ Qxd7 35. Nxd7 f5 36. Nc5 gxf4 37. gxf4 Kf6 38.
b6 {Black forfeits on time} 1-0

[Event "ICCopen2017"]
[Site "Internet Chess Club"]
[Date "2017.03.26"]
[Round "10"]
[White "Spirals"]
[Black "FytinFrank"]
[Result "1-0"]
[ICCResult "Black forfeits on time"]
[WhiteElo "2196"]
[BlackElo "1957"]
[Opening "QP counter-gambit (elephant gambit)"]
[ECO "C40"]
[NIC "KP.10"]
[Time "20:52:48"]
[TimeControl "180+0"]

1. e4 e5 2. Nf3 d5 3. exd5 e4 4. Qe2 Qe7 5. Nd4 f5 6. Nc3 Nf6 7. d3 Qe5 8.
Nb3 Bb4 9. Bd2 O-O 10. dxe4 fxe4 11. h3 Bf5 12. O-O-O a5 13. a3 Bd6 14. f4
exf3 15. Qxe5 Bxe5 16. gxf3 a4 17. Nc5 b6 18. Ne6 Re8 19. Bc4 Nbd7 20. Rhe1
Bd6 21. h4 Nc5 22. Bg5 Nfd7 23. Nb5 Ne5 24. Nxd6 cxd6 25. Bb5 Rec8 26. Nd4
Ncd3+ 27. Kb1 Nxe1 28. Rxe1 Bg6 29. f4 Nc4 30. f5 Bf7 31. Bc6 Ra5 32. Ne6 h6
33. Bc1 g6 34. Bxh6 gxf5 35. Rg1+ Kh7 36. Bc1 Bxe6 37. Re1 Bxd5 38. Re7+ Kg6
39. Bd7 Rc7 40. Bxf5+ Kxf5 41. Rxc7 Rc5 42. Rg7 Be4 43. h5 Kf6 44. h6 Ne5
45. Rg8 Bxc2+ 46. Ka1 Bh7 47. Rf8+ Ke7 48. Rf1 Nd3 49. Bd2 Rc2 50. Bc3 Nc5
51. Rg1 Bd3 52. h7 Bxh7 53. Rg7+ Ke6 54. Rxh7 Kd5 55. Kb1 Rg2 56. Rh5+ Kc4
57. Rh1 Nb3 58. Rd1 d5 59. Ka2 d4 60. Bb4 b5 61. Kb1 d3 62. Rd2 Nxd2+ 63.
Ka2 {Black forfeits on time} 1-0

[Event "ICCopen2017"]
[Site "Internet Chess Club"]
[Date "2017.03.26"]
[Round "10"]
[White "SPARNALIQ"]
[Black "shredded"]
[Result "1-0"]
[ICCResult "Black forfeits on time"]
[WhiteElo "3074"]
[BlackElo "2719"]
[Opening "Catalan opening"]
[ECO "E00"]
[NIC "CA.01"]
[Time "20:52:59"]
[TimeControl "180+0"]

1. d4 Nf6 2. c4 e6 3. g3 Bb4+ 4. Bd2 Bxd2+ 5. Qxd2 O-O 6. Bg2 d6 7. Nf3 Nbd7
8. O-O e5 9. Nc3 c6 10. Rfd1 Re8 11. e3 e4 12. Ne1 Nf8 13. b4 h5 14. b5 h4
15. Nc2 h3 16. Bh1 Bg4 17. Rf1 N8h7 18. f3 exf3 19. Bxf3 Bxf3 20. Rxf3 Ng5
21. Rf4 Qe7 22. Raf1 Rad8 23. Qd3 Qe6 24. Rf5 Nge4 25. d5 cxd5 26. Nxd5 Nxd5
27. cxd5 Qg6 28. Rxf7 Qxf7 29. Rxf7 Kxf7 30. Nd4 Rc8 31. Qd1 Kg8 32. Ne6 Nc5
33. Ng5 Ne4 34. Nxh3 Rc5 35. Nf4 Rec8 36. Nd3 Rc3 37. Kg2 Rc2+ 38. Kh3 Rd2
39. Qg4 Re8 40. Qg6 Re7 41. Nf4 Nf2+ 42. Kh4 Ne4 43. h3 Nf6 44. Ne6 Rxd5 45.
Ng5 Rxg5 46. Kxg5 Re4 47. g4 Re5+ 48. Kh4 Re4 49. Qf5 Re5 50. Qc8+ Kf7 51.
Qc2 Re7 52. g5 d5 53. gxf6 gxf6 54. Qh7+ Ke6 55. Qg8+ Kd7 56. Kg4 Re6 57.
Kf5 Kd6 58. Qxe6+ Kc5 59. Qe7+ {Black forfeits on time} 1-0

[Event "ICCopen2017"]
[Site "Internet Chess Club"]
[Date "2017.03.26"]
[Round "10"]
[White "Lzmann"]
[Black "centralsquare"]
[Result "1-0"]
[ICCResult "Black forfeits on time"]
[WhiteElo "1586"]
[BlackElo "1451"]
[Opening "Blackmar gambit"]
[ECO "D00"]
[NIC "QP.08"]
[Time "20:52:56"]
[TimeControl "180+0"]

1. d4 d5 2. e4 dxe4 3. Nc3 Nf6 4. f3 exf3 5. Nxf3 Bg4 6. h3 Bh5 7. g4 Bg6 8.
Bg2 Nc6 9. O-O e6 10. Be3 Bb4 11. Qe2 O-O 12. Rad1 Bxc3 13. bxc3 Ne4 14. h4
Nxc3 15. Qf2 Nxd1 16. Rxd1 Be4 17. Qg3 Bxc2 18. Rd2 Nb4 19. Ne5 Qd6 20. h5
f6 21. h6 fxe5 22. dxe5 Qe7 23. a3 Rad8 24. hxg7 Rf7 25. Rxd8+ Qxd8 26. axb4
Qd1+ 27. Kh2 Bg6 28. Bh6 Qc2 29. Qe3 b6 30. b5 Rd7 31. Qa3 Qc5 32. Qxa7 Rd8
33. Qa1 Qc2 34. Qf1 Qc5 35. Qf4 Bf7 36. Bg5 Rd3 37. Bf6 Qc2 38. Bh4 Rd2 39.
Qf3 Rxg2+ 40. Qxg2 Qxg2+ 41. Kxg2 {Black forfeits on time} 1-0

[Event "ICCopen2017"]
[Site "Internet Chess Club"]
[Date "2017.03.26"]
[Round "10"]
[White "playwaycool"]
[Black "RobertoJBM"]
[Result "0-1"]
[ICCResult "White checkmated"]
[WhiteElo "2210"]
[BlackElo "2706"]
[Opening "Queen's pawn game"]
[ECO "D02"]
[NIC "QP.08"]
[Time "20:53:10"]
[TimeControl "180+0"]

1. d4 d5 2. Nf3 c6 3. e3 Bg4 4. Be2 Nd7 5. O-O e6 6. Nbd2 Ngf6 7. b3 Bd6 8.
Bb2 Qe7 9. h3 Bxf3 10. Bxf3 Ba3 11. Qc1 Bxb2 12. Qxb2 O-O 13. c4 Rac8 14.
Rfe1 Rfd8 15. Rac1 Qd6 16. c5 Qb8 17. b4 e5 18. dxe5 Qxe5 19. Qxe5 Nxe5 20.
Be2 d4 21. Nc4 Nxc4 22. Bxc4 dxe3 23. Rxe3 Kf8 24. a3 Rc7 25. g4 g6 26. Kg2
h5 27. g5 Ne8 28. Rcc3 Ng7 29. Bd3 Ne6 30. h4 Nf4+ 31. Kf3 Nd5 32. Bc4 Nxc3
33. Rxc3 Rd4 34. Kg3 Re7 35. f3 Re1 36. b5 Rh1 37. bxc6 bxc6 38. Ba6 Rhxh4
39. Bb7 Rc4 40. Rb3 Rhd4 41. Bxc6 Rxc5 42. Be4 Rxg5+ 43. Kf4 Ra5 44. Rb7 Kg7
45. Ke3 Rd8 46. Rb3 Rd6 47. Bd3 Re6+ 48. Kf2 Rb6 49. Rc3 Rb2+ 50. Kg3 Ra2
51. Rc7 R2xa3 52. Bc4 Rf5 53. Be2 g5 54. Rb7 g4 55. Rc7 Raxf3+ 56. Bxf3
Rxf3+ 57. Kg2 h4 58. Rc4 h3+ 59. Kh2 f5 60. Rc6 a5 61. Ra6 a4 62. Kg1 a3 63.
Kh2 Kf7 64. Rb6 Ke7 65. Ra6 Kd7 66. Kg1 Kc7 67. Ra5 Kb6 68. Ra8 Kb5 69. Kh2
Kb4 70. Rb8+ Kc3 71. Rc8+ Kb2 72. Rb8+ Rb3 73. Re8 a2 74. Rf8 a1=Q 75. Rxf5
Qc1 76. Rf2+ Qc2 77. Kg1 Qxf2+ 78. Kxf2 Kc2 79. Kf1 g3 80. Ke2 Rd3 81. Ke1
Re3+ 82. Kf1 Kd2 83. Kg1 Re1# {White checkmated} 0-1

[Event "ICCopen2017"]
[Site "Internet Chess Club"]
[Date "2017.03.26"]
[Round "10"]
[White "Bonao"]
[Black "findles"]
[Result "1/2-1/2"]
[ICCResult "Game drawn by repetition"]
[WhiteElo "2019"]
[BlackElo "1880"]
[Opening "Queen's pawn game"]
[ECO "A46"]
[NIC "QP.05"]
[Time "20:52:54"]
[TimeControl "180+0"]

1. d4 Nf6 2. Nf3 e6 3. Bf4 d5 4. e3 Bd6 5. Ne5 O-O 6. Bd3 c5 7. c3 Nc6 8.
Nxc6 bxc6 9. Bg3 Rb8 10. b3 cxd4 11. exd4 c5 12. Nd2 cxd4 13. cxd4 a5 14.
O-O Bxg3 15. hxg3 Qb6 16. Nf3 Ba6 17. Rc1 Rfc8 18. Qd2 Bxd3 19. Qxd3 h6 20.
Ne5 Rc7 21. Rxc7 Qxc7 22. Qd2 Rc8 23. Rb1 Ne4 24. Qd3 Qc2 25. Qxc2 Rxc2 26.
a3 Nxf2 27. b4 axb4 28. axb4 Ne4 29. b5 Nc3 30. Rb3 Ne2+ 31. Kh2 Nxd4 32.
Rb4 Nxb5 33. Rxb5 Rc7 34. Rb8+ Kh7 35. Rd8 g6 36. g4 Kg7 37. Kg3 Kf6 38. Nf3
Kg7 39. Kf4 Rc4+ 40. Kg3 Re4 41. Rd7 Re2 42. g5 h5 43. Nd4 Re4 44. Nf3 Rg4+
45. Kf2 Re4 46. Kg3 Rg4+ 47. Kf2 Re4 48. g3 Kg8 49. Kf1 Kg7 50. Kf2 Kg8 51.
Kf1 Kg7 52. Kf2 Kg8 53. Kf1 Kg7 {Game drawn by repetition} 1/2-1/2

[Event "ICCopen2017"]
[Site "Internet Chess Club"]
[Date "2017.03.26"]
[Round "10"]
[White "jps7"]
[Black "PawnderingMate"]
[Result "1-0"]
[ICCResult "Black forfeits on time"]
[WhiteElo "1561"]
[BlackElo "1276"]
[Opening "Queen's pawn game, Darooha variation "]
[ECO "D02"]
[NIC "QP.06"]
[Time "20:52:33"]
[TimeControl "180+0"]

1. d4 Nf6 2. Nf3 d5 3. h3 Bf5 4. c4 c6 5. Qb3 Qc7 6. Nc3 dxc4 7. Qxc4 Nbd7
8. g3 Nb6 9. Qb3 Be6 10. Qd1 Bd5 11. Bf4 Qd7 12. Bg2 Ne4 13. Nxe4 Bxe4 14.
O-O e6 15. Ne5 Qd5 16. f3 Bg6 17. e4 Qa5 18. a3 O-O-O 19. b4 Qa4 20. Qc1
Rxd4 21. Nxg6 hxg6 22. Be5 Rc4 23. Qe3 f6 24. Bd4 Bd6 25. Bxb6 axb6 26. Qxb6
Bc7 27. Qf2 Qa6 28. Rfe1 Bb6 29. Re3 Bxe3 30. Qxe3 Rxb4 31. Qc3 Rc4 32. Qb3
Rd8 33. Bf1 Qb5 34. Bxc4 Qxb3 35. Bxb3 Rd3 36. Bxe6+ Kc7 37. Bg4 Rc3 38. Kf2
Kd6 39. Rd1+ Kc5 40. a4 b5 41. axb5 cxb5 42. Rd5+ Kc4 43. Be6 Rc2+ 44. Ke3
Kc3 45. Rc5+ Kb4 46. Rxc2 Ka5 47. Rb2 b4 48. Bd5 Kb5 49. Kd4 Kb6 50. Kc4 Kc7
51. Rxb4 Kd6 52. Rb6+ Ke7 53. Rb7+ Kf8 54. Rf7+ Ke8 55. Rxg7 g5 56. Rf7 f5
57. exf5 g4 58. hxg4 Kd8 59. Rf8+ Ke7 60. Rf7+ Ke8 61. g5 Kd8 62. g6
{Black forfeits on time}
1-0

[Event "ICCopen2017"]
[Site "Internet Chess Club"]
[Date "2017.03.26"]
[Round "10"]
[White "Dare-Dare"]
[Black "xvs"]
[Result "1-0"]
[ICCResult "Black forfeits on time"]
[WhiteElo "1978"]
[BlackElo "1718"]
[Opening "Sicilian: Najdorf, Lipnitzky attack"]
[ECO "B86"]
[NIC "SI.13"]
[Time "20:53:02"]
[TimeControl "180+0"]

1. e4 c5 2. Nf3 d6 3. d4 cxd4 4. Nxd4 Nf6 5. Nc3 a6 6. Bc4 e6 7. O-O Qc7 8.
Bb3 Be7 9. f4 Nc6 10. Be3 b5 11. a3 Bb7 12. f5 Nxd4 13. Bxd4 e5 14. Be3 Nxe4
15. Nd5 Qc6 16. Qg4 Nf6 17. Qxg7 Nxd5 18. Bxd5 Qxd5 19. Qxh8+ Kd7 20. Qg7
Bf6 21. Qg4 h5 22. Qe2 Rg8 23. Rf2 h4 24. Rd1 Qc6 25. h3 Rg3 26. Kh2 Qe4 27.
Re1 d5 28. Bc1 Qxe2 29. Rexe2 e4 30. Bf4 Rg8 31. c3 a5 32. Rf1 b4 33. axb4
axb4 34. Bd2 d4 35. cxd4 Bxd4 36. Bxb4 e3 37. Rd1 Ba6 38. Rxd4+ Kc6 39. Rxe3
Bb7 40. Rg4 Rd8 41. Bc3 Kb5 42. Rxh4 Rd5 43. Rf4 Bc6 44. Re5 Rxe5 45. Bxe5
Bd5 46. Bc3 Kc5 47. g4 Kd6 48. Kg3 Ke7 49. h4 f6 50. g5 Kf7 51. g6+ Kg7 52.
h5 Kh6 53. Kh4 Bc4 54. Rf2 Bd3 55. Bd2+ Kg7 56. h6+ {Black forfeits on time}
1-0

[Event "ICCopen2017"]
[Site "Internet Chess Club"]
[Date "2017.03.26"]
[Round "10"]
[White "CapitanCentella"]
[Black "YHWH"]
[Result "1-0"]
[ICCResult "Black forfeits on time"]
[WhiteElo "1795"]
[BlackElo "1533"]
[Opening "QGD: Marshall defense"]
[ECO "A50"]
[NIC "QP.07"]
[Time "20:53:11"]
[TimeControl "180+0"]

1. d4 Nf6 2. c4 d5 3. Nc3 Bg4 4. Qb3 c6 5. Qxb7 Nbd7 6. Qxc6 dxc4 7. f3 Rc8
8. Qa4 Bf5 9. e4 Bg6 10. Bxc4 Qb6 11. Nge2 e6 12. Bb5 Bb4 13. e5 Bxc3+ 14.
bxc3 O-O 15. exf6 Nxf6 16. Ba3 Rfd8 17. Bc5 Rxc5 18. dxc5 Qxc5 19. Qc4 Qe3
20. Rd1 Nd5 21. Qd4 Qg5 22. c4 Qxg2 23. Rg1 Qxh2 24. Bc6 e5 25. Qg4 f5 26.
Qg5 Rd6 27. Bxd5+ Kf8 28. Rb1 Qxg1+ 29. Nxg1 {Black forfeits on time} 1-0

[Event "ICCopen2017"]
[Site "Internet Chess Club"]
[Date "2017.03.26"]
[Round "10"]
[White "aplusk"]
[Black "TerryR"]
[Result "1/2-1/2"]
[ICCResult "White stalemated"]
[WhiteElo "2742"]
[BlackElo "2319"]
[Opening "English: Queens Indian formation"]
[ECO "A17"]
[NIC "EO.64"]
[Time "20:52:38"]
[TimeControl "180+0"]

1. c4 Nf6 2. Nc3 e6 3. Nf3 b6 4. g3 Bb7 5. Bg2 Bb4 6. Qb3 a5 7. O-O O-O 8.
a3 Bxc3 9. Qxc3 a4 10. d3 d6 11. Bg5 Nbd7 12. Rad1 h6 13. Bxf6 Nxf6 14. Nd4
Bxg2 15. Kxg2 Qd7 16. Rc1 c5 17. Nb5 d5 18. Qe5 d4 19. Qc7 Rfc8 20. Qxd7
Nxd7 21. f4 Nf6 22. h3 Rd8 23. Kf3 Ne8 24. Rfd1 Kf8 25. e4 dxe3 26. Kxe3 Ke7
27. d4 cxd4+ 28. Rxd4 Rxd4 29. Nxd4 Rc8 30. Kd3 Nd6 31. Rc2 g5 32. Nf3 gxf4
33. gxf4 Nb7 34. Ne5 f6 35. Ng4 Rg8 36. Rg2 h5 37. Ne3 Rd8+ 38. Kc3 Nc5 39.
Kc2 Rd3 40. Rg7+ Kf8 41. Rg3 Ne4 42. Kxd3 Nxg3 43. Nc2 Ke7 44. Nd4 e5 45.
fxe5 fxe5 46. Nb5 e4+ 47. Kd4 Ke6 48. Nc3 Kf5 49. Nxa4 Kf4 50. Nc3 e3 51.
Nd5+ Kf3 52. Nxe3 Ne2+ 53. Kd3 Nf4+ 54. Kd2 Nxh3 55. a4 Nf2 56. Nd5 h4 57.
Nxb6 h3 58. a5 h2 59. a6 h1=Q 60. a7 Qd1+ 61. Kc3 Qe1+ 62. Kb3 Qe3+ 63. Ka4
Qe8+ 64. Ka5 Qe5+ 65. Ka6 Qxb2 66. a8=Q+ Ne4 67. Qd5 Qa3+ 68. Kb7 Qe7+ 69.
Nd7 Ke3 70. c5 Nxc5+ 71. Qxc5+ Qxc5 72. Kb8 Kd4 73. Nb6 Qxb6+ 74. Ka8 Kd5
{White stalemated}
1/2-1/2

[Event "ICCopen2017"]
[Site "Internet Chess Club"]
[Date "2017.03.26"]
[Round "10"]
[White "unkavalo"]
[Black "tigerr"]
[Result "0-1"]
[ICCResult "White forfeits on time"]
[WhiteElo "2453"]
[BlackElo "2165"]
[Opening "English opening"]
[ECO "A16"]
[NIC "EO.64"]
[Time "20:53:21"]
[TimeControl "180+0"]

1. c4 Nf6 2. Nc3 b6 3. e4 e5 4. Nf3 Nc6 5. d3 Bb7 6. Be2 g6 7. O-O Bg7 8. h3
O-O 9. Be3 d6 10. Qd2 Ne7 11. b4 c6 12. a4 d5 13. Bg5 d4 14. Na2 Nd7 15.
Bxe7 Qxe7 16. Nc1 f5 17. exf5 gxf5 18. Nb3 c5 19. bxc5 Nxc5 20. Nxc5 bxc5
21. Rfb1 e4 22. Qg5 Rae8 23. Qxe7 Rxe7 24. Ne1 Bc6 25. a5 Rfe8 26. Bh5 Rd8
27. a6 Be5 28. Ra5 Bd6 29. Bd1 Rg7 30. Ba4 Ba8 31. g3 e3 32. Bd1 exf2+ 33.
Kxf2 Bxg3+ 34. Kf1 Bh2 35. Bf3 Rg1+ 36. Kf2 Bxf3 37. Kxf3 Re8 38. Rxc5 Re3+
39. Kf2 Rgxe1 40. Rc8+ Kf7 41. Rb7+ Re7 42. Ra8 Re2+ 43. Kf1 Kf6 44. Raxa7
Re1+ 45. Kg2 R7e2+ 46. Kf3 Re3+ 47. Kg2 Bg3 48. Rf7+ Ke6
{White forfeits on time}
0-1

[Event "ICCopen2017"]
[Site "Internet Chess Club"]
[Date "2017.03.26"]
[Round "10"]
[White "tryto"]
[Black "Cramagica"]
[Result "1-0"]
[ICCResult "Black forfeits on time"]
[WhiteElo "1246"]
[BlackElo "1048"]
[Opening "Queen's pawn"]
[ECO "A40"]
[NIC "QO.17"]
[Time "20:53:03"]
[TimeControl "180+0"]

1. d4 f6 2. Bf4 c6 3. e3 d6 4. h3 g6 5. Nf3 Bf5 6. Bd3 e6 7. c3 Nh6 8. Qc2
Nf7 9. g4 Bxd3 10. Qxd3 Bg7 11. Nbd2 Nd7 12. O-O e5 13. dxe5 dxe5 14. Bg3
O-O 15. Rad1 Qe7 16. Nc4 Nc5 17. Qc2 Rad8 18. b4 Ne6 19. Rxd8 Rxd8 20. Rd1
Neg5 21. Nxg5 Nxg5 22. h4 Nf3+ 23. Kg2 e4 24. Na5 Rxd1 25. Qxd1 f5 26. Qb3+
Kf8 27. Kf1 fxg4 28. c4 Qd7 29. Qc2 Qd3+ 30. Qxd3 exd3 31. Nb3 d2 32. a4
d1=Q+ 33. Kg2 {Black forfeits on time} 1-0

[Event "ICCopen2017"]
[Site "Internet Chess Club"]
[Date "2017.03.26"]
[Round "10"]
[White "someyoungguy"]
[Black "Dewey"]
[Result "1-0"]
[ICCResult "Black resigns"]
[WhiteElo "1373"]
[BlackElo "1353"]
[Opening "Bishop's opening"]
[ECO "C23"]
[NIC "IG.04"]
[Time "20:53:51"]
[TimeControl "180+0"]

1. e4 e5 2. Bc4 Be7 3. Nc3 d6 4. Nd5 Nf6 5. Nxe7 Qxe7 6. Nf3 Be6 7. Bxe6
Qxe6 8. d3 O-O 9. Bg5 h6 10. Bxf6 Qxf6 11. Qd2 Nd7 12. O-O-O a6 13. h3 c6
14. Qe3 Rae8 15. g4 d5 16. g5 Qg6 17. gxh6 Qxh6 18. Qxh6 gxh6 19. Rdg1+ Kh7
20. Nh4 Rg8 21. Nf5 Rxg1+ 22. Rxg1 Rg8 23. Rxg8 Kxg8 24. Nxh6+ Kg7 25. Nf5+
Kf6 26. Nd6 dxe4 27. Nxe4+ Ke6 28. Ng5+ Kf6 29. Ne4+ Kf5 30. Kd2 b6 31. Nd6+
Ke6 32. Ne8 f5 33. h4 Nf6 34. Nc7+ Kd6 35. Nxa6 Ng4 36. f3 Nf6 37. c4 c5 38.
b4 Nh5 39. bxc5+ bxc5 40. Nb8 Nf4 41. Ke3 Kc7 42. Na6+ Kb6 43. Nb8 Kc7 44.
Na6+ Kb6 45. Nb8 Ka5 46. Nd7 Kb4 47. Nxe5 Ng2+ 48. Kf2 Nxh4 49. Kg3 Nxf3 50.
Kxf3 Ka3 51. Kf4 Kxa2 52. Kxf5 Kb2 53. Ke6 Kc3 54. Kd5 Kb4 55. Nc6+ Kc3 56.
Ne5 Kb4 57. Kd6 Kc3 58. Kxc5 Kd2 59. d4 {Black resigns} 1-0

[Event "ICCopen2017"]
[Site "Internet Chess Club"]
[Date "2017.03.26"]
[Round "10"]
[White "fisherino"]
[Black "JUGGERNOT"]
[Result "0-1"]
[ICCResult "White checkmated"]
[WhiteElo "1544"]
[BlackElo "1818"]
[Opening "Scandinavian: Marshall variation"]
[ECO "B01"]
[NIC "SD.03"]
[Time "20:53:37"]
[TimeControl "180+0"]

1. e4 d5 2. exd5 Nf6 3. d4 Nxd5 4. Nf3 Bg4 5. Be2 Qd6 6. O-O Nc6 7. c4 Nf4
8. Nc3 Nxe2+ 9. Qxe2 Nxd4 10. Qe4 Nxf3+ 11. gxf3 Bc8 12. Bf4 Qg6+ 13. Bg3 c6
14. Rad1 e6 15. Qe5 Be7 16. Ne4 O-O 17. Nd6 Bf6 18. Qe2 h5 19. Kh1 h4 20.
Bf4 Qf5 21. Qe4 Qxe4 22. fxe4 e5 23. Be3 Be6 24. b3 b6 25. Nf5 Bxf5 26. exf5
c5 27. Rg1 Kh7 28. Rg4 Rad8 29. Rxd8 Rxd8 30. Bg5 h3 31. Bxf6 Rd1+ 32. Rg1
Rxg1+ 33. Kxg1 gxf6 34. f3 Kh6 35. Kf2 Kg5 36. Kg3 Kxf5 37. Kxh3 Kf4 38. Kg2
f5 39. h4 e4 40. fxe4 fxe4 41. Kf2 f5 42. Ke2 Kg4 43. Ke3 Kxh4 44. Kf4 Kh3
45. a3 a5 46. b4 axb4 47. axb4 cxb4 48. c5 bxc5 49. Kxf5 e3 50. Ke4 e2 51.
Kd3 e1=Q 52. Kc4 Qc3+ 53. Kb5 b3 54. Kc6 b2 55. Kd5 b1=Q 56. Kd6 Qd1+ 57.
Kc6 Qcf3+ 58. Kb5 c4 59. Kxc4 Qfd5+ 60. Kc3 Q5d4# {White checkmated} 0-1

[Event "ICCopen2017"]
[Site "Internet Chess Club"]
[Date "2017.03.26"]
[Round "10"]
[White "lsokol"]
[Black "tsedaka26"]
[Result "1-0"]
[ICCResult "Black forfeits on time"]
[WhiteElo "2353"]
[BlackElo "1749"]
[Opening "Benkö gambit: Zaitsev system"]
[ECO "A57"]
[NIC "BI.44"]
[Time "20:53:24"]
[TimeControl "180+0"]

1. d4 Nf6 2. c4 c5 3. d5 b5 4. cxb5 a6 5. Nc3 g6 6. e4 d6 7. Nf3 Bg7 8. e5
dxe5 9. Nxe5 O-O 10. Nc6 Qb6 11. Nxe7+ Kh8 12. Nxc8 Rxc8 13. bxa6 Nxa6 14.
Be2 Nb4 15. O-O Rd8 16. Bf3 c4 17. Be3 Qb8 18. Qe2 Nd3 19. Rab1 Qe5 20. Rfd1
h5 21. h3 Nh7 22. Qd2 Nxb2 23. Rxb2 Qxc3 24. Qxc3 Bxc3 25. Rc2 Be5 26. Rxc4
Rxa2 27. Re4 Bf6 28. h4 Ra1 29. Rxa1 Bxa1 30. Ra4 Be5 31. g3 Nf6 32. Bg5 Rd7
33. Ra5 Kg7 34. Kg2 Bc3 35. Rb5 Bd4 36. Bf4 Ne8 37. Rb4 Bf6 38. Rb6 Bd4 39.
Rc6 Nf6 40. Rc4 Ba7 41. Ra4 Bb6 42. Be5 Bc7 43. Bd4 Bd6 44. Ra6 Be7 45. Kf1
Rd6 46. Rxd6 Bxd6 47. Ke2 Be7 48. Be5 Kf8 49. d6 Bd8 50. Bc6 Ng4 51. Bf4 Bf6
52. f3 Ne5 53. Bb5 Bg7 54. Ke3 f6 55. Ke4 Nf7 56. Kd5 g5 57. Be3 gxh4 58.
gxh4 f5 59. f4 Bf6 60. Bf2 Kg7 61. Ke6 Nd8+ 62. Kxf5 Nf7 63. Ke6 Nh6 64. d7
Nf7 65. Bb6 Bxh4 66. Bd3 Bf6 67. Be2 Nd8+ 68. Kf5 h4 69. Bg4 Ne6 70. Kxe6 h3
71. Bxh3 Bd8 72. f5 Bxb6 73. f6+ Kf8 74. f7 Bd8 75. Bf5 Be7 76. Bg6 Bd8 77.
Kd6 Bf6 78. Kc7 Be7 79. d8=Q+ Bxd8+ 80. Kxd8 {Black forfeits on time} 1-0

[Event "ICCopen2017"]
[Site "Internet Chess Club"]
[Date "2017.03.26"]
[Round "10"]
[White "EGK"]
[Black "iragefree"]
[Result "0-1"]
[ICCResult "White forfeits on time"]
[WhiteElo "1907"]
[BlackElo "1752"]
[Opening "English: symmetrical, Benoni formation"]
[ECO "A31"]
[NIC "EO.46"]
[Time "20:53:24"]
[TimeControl "180+0"]

1. d4 Nf6 2. Nf3 c5 3. c4 cxd4 4. Nxd4 e5 5. Nf3 e4 6. Nd4 d5 7. e3 Bc5 8.
Nc3 Nc6 9. cxd5 Nb4 10. Bc4 O-O 11. O-O Qe7 12. a3 Na6 13. b4 Bd6 14. g3 Bh3
15. Re1 Rfd8 16. Bf1 Bg4 17. Qb3 Rac8 18. Bb2 Qe5 19. Ncb5 Qh5 20. Nxd6 Rxd6
21. Nb5 Rxd5 22. Bxf6 gxf6 23. Nxa7 Rcd8 24. Qc2 f5 25. Be2 Bxe2 26. Qxe2
Qh3 27. Rad1 Nc7 28. Rxd5 Rxd5 29. Rd1 Qg4 30. Qxg4+ fxg4 31. Rxd5 Nxd5 32.
Nb5 Kf8 33. Nd6 b6 34. Nb7 Ke7 35. Kf1 Nc3 {White forfeits on time} 0-1

[Event "ICCopen2017"]
[Site "Internet Chess Club"]
[Date "2017.03.26"]
[Round "10"]
[White "CristianS"]
[Black "Seraphim"]
[Result "1-0"]
[ICCResult "Black resigns"]
[WhiteElo "2064"]
[BlackElo "1865"]
[Opening "Sicilian"]
[ECO "B56"]
[NIC "SI.25"]
[Time "20:53:31"]
[TimeControl "180+0"]

1. e4 c5 2. Nf3 d6 3. d4 cxd4 4. Nxd4 Nf6 5. Nc3 Nc6 6. h3 e5 7. Nf3 Be6 8.
Ng5 Be7 9. Nxe6 fxe6 10. Bc4 Qc8 11. O-O Nd4 12. Bb3 O-O 13. Be3 Nxb3 14.
axb3 a6 15. f4 exf4 16. Bxf4 e5 17. Bg5 Qc5+ 18. Kh2 h6 19. Bxf6 Bxf6 20.
Qd5+ Kh7 21. Rad1 Rad8 22. Qxb7 Bg5 23. Rf7 Rxf7 24. Qxf7 Bf4+ 25. Kh1 Qf2
26. Qf5+ Kh8 27. Qg4 Qxc2 28. Nd5 Qxe4 29. Ne7 Rb8 30. Nf5 Rb7 31. Nxd6 Qc6
32. Nxb7 Qxb7 33. Rd7 {Black resigns} 1-0

[Event "ICCopen2017"]
[Site "Internet Chess Club"]
[Date "2017.03.26"]
[Round "10"]
[White "croder"]
[Black "Ataraxia"]
[Result "0-1"]
[ICCResult "White checkmated"]
[WhiteElo "1565"]
[BlackElo "1899"]
[Opening "Sicilian: closed"]
[ECO "B23"]
[NIC "SI.44"]
[Time "20:53:14"]
[TimeControl "180+0"]

1. e4 c5 2. Nc3 d6 3. d3 Nf6 4. Nf3 g6 5. Be3 Bg7 6. Qd2 Ng4 7. O-O-O Nxe3
8. fxe3 Nc6 9. Kb1 Rb8 10. h4 b5 11. h5 b4 12. Nd5 e6 13. Nf4 a5 14. hxg6
hxg6 15. Rxh8+ Bxh8 16. d4 Qf6 17. e5 dxe5 18. dxe5 Qe7 19. Bc4 Kf8 20. Rh1
Kg8 21. Bd3 Bxe5 22. Bxg6 Bxf4 23. exf4 fxg6 24. Ng5 e5 25. Rh7 Qxh7 26.
Nxh7 Kxh7 27. fxe5 Bf5 28. Qd6 Be4 29. Qd7+ Kh6 30. Qh3+ Kg7 31. Qd7+ Kh6
32. Qh3+ Kg7 33. Qd7+ Kg8 34. Qe6+ Kf8 35. Qf6+ Ke8 36. e6 Rb7 37. Kc1 Rh7
38. Kd2 Ne7 39. Qe5 Bb7 40. Qxc5 Bc8 41. Qxa5 Bxe6 42. Qxb4 Kf7 43. Qf4+ Kg7
44. a4 Nf5 45. Qc7+ Kh6 46. Qh2+ Kg7 47. Qe5+ Kf7 48. a5 Rh4 49. a6 Rd4+ 50.
Kc1 Rd5 51. Qc7+ Rd7 52. Qc3 Ra7 53. g4 Ne7 54. Qf3+ Kg7 55. Qc3+ Kf7 56.
Qf3+ Kg7 57. Qf1 Rd7 58. c3 Nd5 59. Qb5 Bxg4 60. a7 Ne3 61. a8=Q Rd1#
{White checkmated}
0-1

[Event "ICCopen2017"]
[Site "Internet Chess Club"]
[Date "2017.03.26"]
[Round "10"]
[White "lion100"]
[Black "Djukanyc"]
[Result "1-0"]
[ICCResult "Black checkmated"]
[WhiteElo "1411"]
[BlackElo "1756"]
[Opening "Sicilian: Anderssen variation"]
[ECO "B41"]
[NIC "SI.41"]
[Time "20:53:41"]
[TimeControl "180+0"]

1. e4 c5 2. Nf3 e6 3. d4 cxd4 4. Nxd4 Nf6 5. f3 Nc6 6. Nb3 Qb6 7. Nc3 Bb4 8.
Bd2 d5 9. e5 Nxe5 10. Qe2 Nc6 11. O-O-O O-O 12. g4 Nd7 13. h4 a5 14. a3 a4
15. axb4 axb3 16. cxb3 Nxb4 17. Nb1 Nc5 18. Bxb4 Nxb3+ 19. Kc2 Qxb4 20. Rd3
Nc5 21. Rc3 Bd7 22. h5 Rfc8 23. h6 Ra2 24. Kc1 Ra1 25. Qc2 Qf4+ 26. Kd1 Qd4+
27. Ke1 b6 28. hxg7 Qf4 29. Qxh7# {Black checkmated} 1-0